 Dungeon Crawl Stone Soup version 0.29.1-12-g30fa7ad0bf (webtiles) character file.

Game seed: 13529429454853984622

932 112233 the Thaumaturge (level 7, -24/36 HPs)
             Began as a Deep Elf Necromancer on Dec 18, 2022.
             Was an Initiate of Gozag.
             Annihilated by a two-headed ogre
             ... wielding a +0 giant spiked club
              (29 damage)
             ... on level 8 of the Dungeon.
             The game lasted 00:04:47 (5578 turns).

112233 the Thaumaturge (Deep Elf Necromancer)       Turns: 5578, Time: 00:04:47

Health: -24/36     AC:  3    Str:  5    XL:     7   Next: 86%
Magic:  19/22      EV: 12    Int: 22    God:    Gozag
Gold:   261        SH:  0    Dex: 15    Spells: 22/26 levels left

rFire   . . .      SeeInvis .   j - +3 mace
rCold   . . .      Faith    .   (no shield)
rNeg    . . .      Spirit   .   a - +0 robe
rPois   .          Reflect  .   (no helmet)
rElec   .          Harm     .   (no cloak)
rCorr   .          Rampage  .   (no gloves)
Will    .....                   r - +0 pair of boots
Stlth   ++........              (no amulet)
HPRegen 0.12/turn               (no ring)
MPRegen 0.18/turn               (no ring)

@: no status effects
A: no striking features
a: Renounce Religion, Potion Petition, Call Merchant, Bribe Branch


You were on level 8 of the Dungeon.
You worshipped Gozag.
Gozag was aware of your devotion.
You visited 2 branches of the dungeon, and saw 9 of its levels.

You collected 353 gold pieces.
You paid 92 gold pieces to Gozag.

Inventory:

Hand Weapons
 j - a +3 mace (weapon)
 t - a +0 dagger of venom
Armour
 a - a +0 robe (worn)
 r - a +0 pair of boots (worn)
Wands
 s - a wand of digging (4)
 y - a wand of quicksilver (6) (quivered)
Scrolls
 e - 2 scrolls of immolation {unknown}
 i - 2 scrolls of poison {unknown}
 k - 8 scrolls of identify {unknown}
 m - a scroll of brand weapon {unknown}
 n - 2 scrolls of enchant weapon {unknown}
 p - 3 scrolls of magic mapping {unknown}
 w - 2 scrolls of amnesia {unknown}
 x - a scroll of blinking {unknown}
 A - a scroll of butterflies {unknown}
 B - a scroll of teleportation {unknown}
Potions
 b - 2 potions of magic
 c - 4 potions of curing {unknown}
 d - a potion of degeneration {unknown}
 f - a potion of might {unknown}
 g - a potion of heal wounds {unknown}
 h - a potion of resistance {unknown}
 l - 2 potions of lignification {unknown}
 o - 3 potions of ambrosia {unknown}
 q - a potion of haste {unknown}
 u - 5 potions of flight {unknown}
 v - a potion of cancellation {unknown}
 z - a potion of mutation {unknown}
 C - a potion of brilliance {unknown}


   Skills:
 - Level 2.4 Dodging
 - Level 2.4 Stealth
 * Level 10.4 Spellcasting
 + Level 7.5 Necromancy


You had 22 spell levels left.
You knew the following spells:

 Your Spells              Type           Power      Damage    Failure   Level
a - Necrotise             Necr           100%       1d9       1%          1
b - Vampiric Draining     Necr           44%        2d9       1%          3

Your spell library contained the following spells:

 Spells                   Type           Power      Damage    Failure   Level
 Agony                    Necr           44%        N/A       8%          5
 Blink                    Tloc           22%        N/A       9%          2
 Manifold Assault         Tloc           11%        N/A       85%         5
 Storm Form               Tmut/Air       5%         N/A       100%        7
 Animate Dead             Necr           Unusable   N/A       N/A         4

Dungeon Overview and Level Annotations

Branches:
Dungeon (9/15)             Temple (1/1) D:6
   Lair: D:8-11         Orc: D:9-12

Altars:
Ashenzari
Dithmenos
Elyvilon
Fedhas
Gozag
Hepliaklqana
Makhleb
Qazlal
Ru
Sif Muna
Trog
Vehumet
Yredelemnul

Shops:
D:4 **

Annotations:
D:4 exclusion: 2 downstairs
D:5 Grinder, Ijyb
D:9 exclusion: upstairs


Message History

You now have 261 gold pieces (gained 9).
Found a stone staircase leading down.
There is a stone staircase leading down here.
A two-headed ogre comes into view.
It is wielding a +0 giant spiked club and a +0 giant club.
A two-headed ogre is nearby!
Casting: Vampiric Draining (safe; 1% risk of failure)
Confirm with . or Enter, or press ? or * to list all spells.
You can't see any susceptible monsters within range! (Use Z to cast anyway.) Unknown command.
Casting: Vampiric Draining (safe; 1% risk of failure)
Confirm with . or Enter, or press ? or * to list all spells.
You can't see any susceptible monsters within range! (Use Z to cast anyway.)
Aiming: Quicksilver Bolt
Press: ? - help, Shift-Dir - straight line, f - two-headed ogre
Aim: a two-headed ogre, wielding a +0 giant spiked club and a +0 giant club (86% to hit)
The bolt of dispelling energy hits the two-headed ogre!
The two-headed ogre is moderately wounded.
Unknown command.
The bolt of dispelling energy misses the two-headed ogre.
Unknown command.
No target in view!
Unknown command.
The bolt of dispelling energy hits the two-headed ogre!
The two-headed ogre is heavily wounded.
The bolt of dispelling energy hits the two-headed ogre!!
The two-headed ogre is severely wounded.
The bolt of dispelling energy misses the two-headed ogre.
Casting: Vampiric Draining (safe; 1% risk of failure)
Confirm with . or Enter, or press ? or * to list all spells.
Aiming: Vampiric Draining (safe; 1% risk of failure)
Press: ? - help, Shift-Dir - straight line, f/p - two-headed ogre
Aim: a two-headed ogre, wielding a +0 giant spiked club and a +0 giant club (severely wounded)
You draw life force from the two-headed ogre!
The two-headed ogre hits you with a +0 giant spiked club!!
Ouch! That really hurt!
* * * LOW HITPOINT WARNING * * *
The two-headed ogre hits you with a +0 giant club!!
Ouch! That really hurt!
You die...
Your body crumbles into a pile of gold.

#.# #..# #........
#.######..#######........
#.##...........##........
#.##...........##........
#.##...........##........
#.######.##.#####........
#.# #.##.# #........ #.#
#.##.############# #.#
#@##..............
#.######O################
#............... ........
########.####### ########
#... ...... ###.##.# .# #
.#


You could see a two-headed ogre.

Vanquished Creatures
  A water moccasin (D:5)
  An orc warrior (D:8)
  2 ogres (D:4)
  2 bullfrogs
  A wight (D:9)
  A hound (D:4)
  3 orc priests
  3 iguanas
  3 orc wizards
  An adder (D:4)
  A worm zombie (D:4)
  4 worms
  A dart slug (D:5)
  6 orcs
  8 ball pythons
  9 endoplasms
  2 giant cockroaches (D:2)
  7 goblins
  6 hobgoblins
  3 jackals (D:3)
  15 kobolds
  A quokka (D:1)
  7 bats
  10 frilled lizards
  3 rats
101 creatures vanquished.

Vanquished Creatures (collateral kills)
  2 endoplasms
  A frilled lizard (D:3)
  A rat (D:3)
4 creatures vanquished.

Vanquished Creatures (others)
  8 plants (D:2)
8 creatures vanquished.

Grand Total: 113 creatures vanquished

Notes
Turn   | Place    | Note
-------+----------+-------------------------------------------
     0 | D:1      | 112233 the Deep Elf Necromancer began the quest for the
                  | Orb.
     0 | D:1      | Reached XP level 1. HP: 10/10 MP: 6/6
   266 | D:1      | Reached skill level 5 in Necromancy
   377 | D:1      | Reached XP level 2. HP: 15/15 MP: 5/8
   519 | D:1      | Reached skill level 4 in Spellcasting
   721 | D:1      | Found a faded altar of an unknown god.
   888 | D:2      | Reached XP level 3. HP: 19/19 MP: 3/10
  1629 | D:3      | Reached skill level 5 in Spellcasting
  1836 | D:3      | Reached XP level 4. HP: 24/24 MP: 4/13
  2686 | D:4      | Learned a level 3 spell: Vampiric Draining
  2753 | D:4      | Noticed an ogre
  2757 | D:4      | Killed an ogre
  2758 | D:4      | Reached skill level 7 in Spellcasting
  2758 | D:4      | Reached XP level 5. HP: 11/28 MP: 1/16
  3201 | D:4      | Found a sand-covered staircase.
  3208 | D:5      | Entered Level 5 of the Dungeon
  3208 | D:5      | Noticed Grinder
  3458 | D:5      | Noticed a water moccasin
  3459 | D:5      | Noticed Ijyb
  3627 | D:4      | Reached XP level 6. HP: 32/32 MP: 14/18
  3656 | D:4      | Found Riurghuo's General Store.
  3657 | D:4      | Found Imuc's Specific Store.
  3841 | D:4      | Reached skill level 8 in Spellcasting
  4062 | D:5      | Killed a water moccasin
  4366 | D:5      | Reached skill level 9 in Spellcasting
  4366 | D:5      | Reached XP level 7. HP: 36/36 MP: 16/21
  4676 | D:6      | Found a staircase to the Ecumenical Temple.
  5003 | Temple   | Entered the Ecumenical Temple
  5035 | Temple   | Became a worshipper of Gozag Ym Sagoz the Greedy
  5057 | D:6      | Found a burning altar of Makhleb.
  5147 | D:6      | You fall into a shaft and drop 2 floors!
  5249 | D:9      | Reached skill level 10 in Spellcasting
  5571 | D:8      | Noticed a two-headed ogre
  5578 | D:8      | Annihilated by a two-headed ogre

Illustrated notes

Levels and vault maps discovered:
D:1:      heliophobic_arrival_dark_side_of_the_moon, layout_rooms,
          hellmonk_ecumenical_altar_prayer_group
D:2:      layout_basic, hangedman_decor_growths, chequers_serial_rivers_room_a,
          minmay_lizard_king
D:3:      minmay_general_purpose_star, layout_loops_ring,
          minmay_goblin_kobold_house
D:4:      layout_loops_ring, enter_ossuary_3, nicolae_specific_store
D:5:      layout_cave_pods, uniq_grinder, uniq_ijyb
D:6:      layout_basic, mainiacjoe_overflow_concentric_impassable,
          minmay_temple_entry_junction
D:8:      layout_basic, kennysheep_generic_room_13
D:9:      minmay_sliced_demisemicircle, layout_gridville,
          kennysheep_generic_room_15
Temple:   nicolae_temple_bog_church

Skill      XL: |  1  2  3  4  5  6  7 |
---------------+----------------------+-----
Necromancy     | 5 6 7 |  7.5
Spellcasting   | 4 5 7 9 10 | 10.4
Dodging        | |  2.4
Stealth        | |  2.4

Action                   |  1- 3 |  4- 6 |  7- 9 || total
-------------------------+-------+-------+-------++-------
Melee: Mace              |     2 |    11 |     1 ||    14
 Cast: Necrotise         |    82 |    75 |    16 ||   173
       Vampiric Draining |       |     8 |    16 ||    24
Evoke: Wand              |       |       |     8 ||     8
 Stab: Sleeping          |       |     1 |       ||     1
Armor: Robe              |     1 |     3 |     1 ||     5
Dodge: Dodged            |     8 |    24 |    13 ||    45
